 Dungeon Crawl Stone Soup version 0.27-a0-1219-g958d993ae5 (webtiles) character file.

Game seed: 13514471207763903583

105 pokeman the Magician (level 4, 0/25 HPs)
             Began as a Deep Elf Hedge Wizard on June 6, 2021.
             Succumbed to a goblin's poison
             ... on level 3 of the Dungeon.
             The game lasted 00:04:54 (3627 turns).

pokeman the Magician (Deep Elf Hedge Wizard)        Turns: 3627, Time: 00:04:54

Health: 0/25       AC:  5    Str:  7    XL:     4   Next: 53%
Magic:  5/13       EV: 12    Int: 20    God:
Gold:   94         SH:  0    Dex: 14    Spells: 3/14 levels left

rFire    . . .     SeeInvis .   a - +0 dagger
rCold    . . .     Faith    .   (no shield)
rNeg     . . .     Spirit   .   n - +0 leather armour
rPois    .         Reflect  .   f - +0 helmet
rElec    .         Harm     .   (no cloak)
rCorr    .         Rampage  .   (no gloves)
Will     .....                  l - +0 pair of boots
Stlth    ++........             (no amulet)
HPRegen  0.08/turn              (no ring)
MPRegen  0.13/turn              (no ring)

@: lethally poisoned (0 -> -8)
A: no striking features
a: no special abilities


You were on level 3 of the Dungeon.
You visited 1 branch of the dungeon, and saw 3 of its levels.

You collected 94 gold pieces.

Inventory:

Hand Weapons
 a - a +0 dagger (weapon)
Missiles
 k - 23 arrows
Armour
 c - a +0 kite shield
 f - a +0 helmet (worn)
 l - a +0 pair of boots (worn)
 n - a +0 leather armour (worn)
Scrolls
 e - 2 scrolls of identify {unknown}
 h - a scroll of enchant armour {unknown}
 i - a scroll of enchant weapon {unknown}
 j - a scroll of teleportation {unknown}
 m - a scroll of immolation {unknown}
Potions
 b - a potion of brilliance {unknown}
 d - 2 potions of heal wounds {unknown}
 g - a potion of invisibility {unknown}


   Skills:
 - Level 1.0 Fighting
 - Level 1.0 Armour
 + Level 2.8 Dodging
 - Level 2.4 Stealth
 + Level 0.6 Shields
 * Level 5.7 Spellcasting
 + Level 2.2 Conjurations
 - Level 1.1 Summonings
 - Level 1.1 Translocations


You had 3 spell levels left.
You knew the following spells:

 Your Spells              Type           Power      Damage    Failure   Level
a - Magic Dart            Conj           56%        1d5       6%          1
b - Mephitic Cloud        Conj/Pois/Air  8%         N/A       34%         3
c - Call Imp              Summ           10%        N/A       16%         2
d - Blink                 Tloc           N/A        N/A       16%         2
e - Conjure Flame         Conj/Fire      10%        6-21      30%         3

Your spell library contained the following spells:

 Spells                   Type           Power      Damage    Failure   Level
 Slow                     Hex            5%         N/A       24%         2


Dungeon Overview and Level Annotations

Branches:
Dungeon (3/15)

Altars:
Elyvilon


Message History

Casting: Magic Dart (safe; 6% risk of failure)
Confirm with . or Enter, or press ? or * to list all spells.
Aiming: Magic Dart (safe; 6% risk of failure)
Press: ? - help, Shift-Dir - straight line, f/p - jackal
Aim: a jackal (almost dead, 100% to hit)
The magic dart hits the jackal.
You kill the jackal!
The goblin barely misses you.
Casting: Magic Dart (safe; 6% risk of failure)
Confirm with . or Enter, or press ? or * to list all spells.
Aiming: Magic Dart (safe; 6% risk of failure)
Press: ? - help, Shift-Dir - straight line, f - goblin
Aim: a goblin, wielding a +1 dagger of venom (100% to hit)
The magic dart hits the goblin.
The goblin is moderately wounded.
The jackal barely misses you. The jackal bites you.
The goblin hits you but does no damage.
You are poisoned.
Casting: Magic Dart (safe; 6% risk of failure)
Confirm with . or Enter, or press ? or * to list all spells.
Aiming: Magic Dart (safe; 6% risk of failure)
Press: ? - help, Shift-Dir - straight line, f/p - goblin
Aim: a goblin, wielding a +1 dagger of venom (moderately wounded, 100% to hit)
The magic dart hits the goblin.
The goblin is severely wounded.
You feel sick. The jackal misses you.
The jackal bites you but does no damage.
The goblin hits you with a +1 dagger of venom.
You are lethally poisoned!
You feel very sick.
The jackal bites you but does no damage.
* * * LOW HITPOINT WARNING * * *
You feel very sick. The jackal closely misses you.
There is an open gate here.
* * * LOW HITPOINT WARNING * * *
You feel very sick.
* * * LOW HITPOINT WARNING * * *
You feel sick. The jackal barely misses you.
You die...

#.....# ## #.....#
#. #..†..# . #..
#.....# ..
#≈≈≈#.....# ≈≈≈
#≈≈≈##g''##≈≈≈≈
#≈≈≈≈hh.≈≈≈≈#
###≈≈...≈≈### ##
###@..### #. #.###
#. #.# ###. #.#
#...
#.#############.#.
#........)........
#############...##
#.#... #.####


You could see 2 jackals and a goblin.

Vanquished Creatures
  An orc wizard (D:3)
  A worm (D:2)
  4 dart slugs
  3 orcs
  4 ball pythons
  4 endoplasms
  3 giant cockroaches
  11 goblins
  3 hobgoblins
  3 jackals
  5 kobolds
  4 quokkas
  7 bats
  2 frilled lizards
  3 rats (D:2)
58 creatures vanquished.

Notes
Turn   | Place    | Note
-------+----------+-------------------------------------------
     0 | D:1      | pokeman the Deep Elf Hedge Wizard began the quest for the
                  | Orb.
     0 | D:1      | Reached XP level 1. HP: 10/10 MP: 7/7
   260 | D:1      | Found a faded altar of an unknown god.
   286 | D:1      | Reached XP level 2. HP: 16/16 MP: 2/9
   778 | D:1      | Reached skill level 5 in Spellcasting
  1193 | D:2      | Reached XP level 3. HP: 20/20 MP: 9/11
  1197 | D:2      | Learned a level 3 spell: Mephitic Cloud
  1200 | D:2      | Learned a level 2 spell: Call Imp
  1203 | D:2      | Learned a level 2 spell: Blink
  1207 | D:2      | Learned a level 3 spell: Conjure Flame
  1724 | D:2      | Reached skill level 1 in Fighting
  1834 | D:2      | Reached skill level 1 in Armour
  3107 | D:3      | Reached XP level 4. HP: 25/25 MP: 11/13
  3124 | D:3      | Found a white marble altar of Elyvilon.
  3325 | D:3      | Found Cank's Jewellery Shoppe.
  3627 | D:3      | Succumbed to a goblin's poison

Illustrated notes

Levels and vault maps discovered:
D:1:      lemuel_arrival_river_bridge, layout_basic, basic_ecumenical_altar,
          hangedman_decor_points
D:2:      layout_basic
D:3:      kennysheep_goblin_castle, layout_loops_ring,
          nemelex_spade_bored_becter, elyvilon_altar_4, serial_shops, shop,
          shop, shop

Skill      XL: |  1  2  3 |
---------------+----------+-----
Spellcasting   | 5 |  5.7
Fighting       | 1 |  1.0
Armour         | 1 |  1.0
Conjurations   | 2 |  2.2
Dodging        | |  2.8
Stealth        | |  2.4
Shields        | |  0.6
Summonings     | |  1.1
Translocations | |  1.1

Action                   |  1- 3 |  4- 6 || total
-------------------------+-------+-------++-------
Melee: Dagger            |    30 |       ||    30
 Cast: Magic Dart        |   130 |    36 ||   166
 Stab: Sleeping          |     1 |       ||     1
Armor: Robe              |    11 |       ||    11
       Leather armour    |       |     4 ||     4
Dodge: Dodged            |    30 |     8 ||    38

Table legend: (Time is in decaauts)
 A = Elapsed time spent in this place.
 B = Non-inter-level travel time spent in this place.
 C = Inter-level travel time spent in this place.
 D = Time resting spent in this place.
 E = Time spent auto-exploring this place.
 F = Levels seen in this place.
 G = Mean time per level.
                   A        B        C        D        E       F      G
               +--------+--------+--------+--------+--------+-----+--------+
         Total |   3627 |   3527 |    100 |      0 |   3152 |   3 | 1209.0 |
       Dungeon |   3627 |   3527 |    100 |      0 |   3152 |   3 | 1209.0 |
               +--------+--------+--------+--------+--------+-----+--------+

Top non-repeatable levels by time:
     D:2: 1974 daAuts
     D:1: 1118 daAuts
     D:3: 535 daAuts
